Anerag, lawful male human Samurai --------------- --------------- |.....<........%###########################%####..............| |............/| # |.)...........| |.............. #.....>........| |.............| ###-.----.-------- |.............| ------------- # ############# -.------------- |`.........`| ### # # .F....`.....| # ## |...-----....##### |...SSS.|...| |..`|@@{|`..| |...|SSS|...| |...-----...| |... ....| |`.. ....`. ----- ------- Anerag the Ronin Experience level: 3 Strength: 15 Dexterity: 17 Constitution: 18 Intelligence: 9 Wisdom: 10 Charisma: 6 Health: 0(29) Energy: 10(10) Def: 6 Gold: 133 Moves: 697 Dungeon seed: aX1SajoTLk9K0Rlz Game ID: Anerag_1561387913 Your Inventory: Coins $ - 133 gold pieces Weapons a - a +0 katana (weapon in hand) b - a +0 wakizashi (alternate weapon; not wielded) c - a +0 yumi d - 35 +0 ya (in quiver) Armor e - an uncursed rustproof +0 splint mail (being worn) Comestibles f - 2 uncursed gunyoki Scrolls h - an uncursed scroll of identify Rings i - an uncursed ring of invisibility Wands g - a wand of striking (0:3) j - a wand of striking (0:6) k - a wand of digging (0:7) Spells and supernatural/magical abilities: Name Level Category Fail Memory W - pray for help -- divine ? -- Your skills at the end: Fighting Skills martial arts [Basic] Weapon Skills short sword [Basic] long sword [Basic] bow [Basic] Spellcasting Skills Final Attributes: You were piously aligned. You were telepathic. You were fast. You are dead. Vanquished creatures: a floating eye 2 giant rats a yellow mold a gnome a garter snake 2 jackals 2 foxes a goblin a bat 2 lichens 3 newts 17 creatures vanquished. Voluntary challenges: You were an atheist. You used a wielded weapon 16 times, starting on turn 103. You read items or engraved 5 times, starting on turn 252. You never genocided any monsters. You never polymorphed an object. You never changed form. You used no wishes. You never split a pudding. You never wrote Elbereth's name. You never violated your personal moral code. Dungeon overview: The Dungeons of Doom: levels 1 to 5 Level 1 a long staircase Level 2 a delicatessen Level 3 a potion shop Level 4 an armor shop stairs to The Gnomish Mines Level 5 <- You were here many fountains The Gnomish Mines: Level 5 stairs to The Dungeons of Doom History has recorded: On T:1 you entered the Dungeons of Doom to retrieve the Amulet of Yendor! On T:131 you reached level 2 of The Dungeons of Doom. On T:220 you advanced to experience level 2. On T:255 you reached level 3 of The Dungeons of Doom. On T:373 you reached level 4 of The Dungeons of Doom. On T:518 you reached level 1 of The Gnomish Mines. On T:519 you advanced to experience level 3. On T:592 you reached level 5 of The Dungeons of Doom. Score breakdown: Gold: 133 ( 7235 points) Experience: 3 levels ( 7878 points) Exploration: 5 levels ( 10.87%) ( 8944 points) Discoveries: 2 items ( 0.81%) ( 2705 points) Valuables value: (no points given unless you survive) Artifact value: 0 ( 0 points) Variety of kills: 11 monsters ( 2.89%) ( 5097 points) Turncount: 697 turns ( 0 points) Survival: died (score multiplied by 80%) Total score: 25487 Latest messages: Wait! There's something there you can't see! The garter snake bites! You kill the garter snake! The garter snake bites! You see here a statue of a plains centaur. (2x) "Konnichi wa, Anerag, welcome to Delphi!" <"Wilt thou settle for a minor consultation?" (50 zorkmids) [ynq]: y> True to her word, the Oracle says: "They say that the thing about genocide is that it works both ways." You don't have that object. The cool draught refreshes you. An endless stream of snakes pours forth! The water moccasin misses. The water moccasin just misses! The water moccasin bites! The water moccasin's bite was poisoned! The water moccasin misses. The water moccasin bites! The cool draught refreshes you. The water moccasin bites! (6x) You die... Final status: Sayonara Anerag the Samurai, killed by a water moccasin... You died in The Dungeons of Doom on dungeon level 5 with 25487 points, and 133 pieces of gold, after 697 moves. You were level 3 with a maximum of 29 hit points when you died.